 Dungeon Crawl Stone Soup version 0.20.1-1-g8b1a95d (webtiles) character file.

907 Ijustatesigmund the Sneak (level 8, -2/54 HPs)
             Began as an Octopode Assassin on Sept 22, 2017.
             Slain by Somber's ghost (14 damage)
             ... on level 5 of the Dungeon.
             The game lasted 00:12:21 (5851 turns).

Ijustatesigmund the Sneak (Octopode Assassin)       Turns: 5851, Time: 00:12:22

Health: -2/54      AC:  1    Str: 10    XL:     8   Next: 8%
Magic:  8/8        EV: 15    Int: 17    God:
Gold:   230        SH:  0    Dex: 20    Spells: 7/7 levels left

rFire    . . .     SeeInvis .   u - +6 flail of Lougiota {vamp, Int+3}
rCold    . . .     Gourm    .   (no shield)
rNeg     . . .     Faith    .   (helmet restricted)
rPois    .         Spirit   .   (no amulet)
rElec    .         Reflect  .   h - ring of resist corrosion
rCorr    +         Harm     .   p - +5 ring of dexterity
MR       .....                  (no ring)
Stlth    +++++.....             (no ring)
Regen    0.2/turn               (no ring)
MPRegen  0.2/turn               (no ring)
                                (no ring)
                                (no ring)

@: about to teleport
A: almost no armour, stealthy swim, amphibious, 8 rings, constrict 8, camouflage
1, gelatinous body 1
a: no special abilities


You were on level 5 of the Dungeon.
You were not hungry.

You visited 1 branch of the dungeon, and saw 5 of its levels.
You also visited: Ossuary.

You collected 230 gold pieces.

Inventory:

Hand Weapons
 a - a +3 dagger
 b - a +0 blowgun
 j - a +0 dagger of flaming
 u - the +6 flail of Lougiota (weapon) {vamp, Int+3}
   (You found it on level 4 of the Dungeon)

   It inflicts no extra harm, but heals its wielder when it wounds a living foe.
   It affects your intelligence (+3).
Missiles
 c - 21 poisoned needles
 d - 2 curare-tipped needles
Jewellery
 h - a ring of resist corrosion (left tentacle)
 p - a +5 ring of dexterity (right tentacle)
Scrolls
 g - a scroll of enchant armour {unknown}
 q - 5 scrolls of remove curse
 r - a scroll of teleportation
 s - 2 scrolls of vulnerability
 w - a scroll of blinking {unknown}
 x - a scroll of magic mapping
 y - a scroll of identify
Potions
 e - 2 potions of lignification
 f - 2 potions of brilliance
 i - 2 potions of flight
 l - a potion of mutation {unknown}
 n - 2 potions of curing
 o - a potion of heal wounds
 t - a potion of haste {unknown}
 v - a potion of magic {unknown}
Comestibles
 k - 3 royal jellies
 m - 3 meat rations
 z - a bread ration


   Skills:
 - Level 4.2 Fighting
 - Level 4.8 Short Blades
 + Level 4.4 Maces & Flails
 - Level 2.0 Throwing
 - Level 3.7 Dodging
 - Level 6.9 Stealth


You had 7 spell levels left.
You didn't know any spells.

Dungeon Overview and Level Annotations

Branches:
Dungeon (5/15)
 Temple: D:4-7

Altars:

Annotations:
D:3 Chisa's ghost, amateur FoFi
D:5 Somber's ghost, novice GrFi


Innate Abilities, Weirdness & Mutations

You cannot wear most types of armour.
You are very stealthy in the water. (Stealth+)
You are amphibious.
You can wear up to eight rings at the same time.
You can use your tentacles to constrict eight enemies at once.
Your skin changes colour to match your surroundings (Stealth+).
Your rubbery body absorbs attacks. (AC +1, EV +1)


Message History

You hit Somber's ghost but do no damage.
Somber's ghost hits you! Somber's ghost closely misses you.
You sock Somber's ghost!
Somber's ghost is lightly damaged.
Somber's ghost misses you.
You hit Somber's ghost but do no damage.
You squeeze Somber's ghost!
Somber's ghost is moderately damaged.
Somber's ghost hits you!!
* * * LOW HITPOINT WARNING * * *
You are too injured to fight recklessly!
You are too injured to fight recklessly!
You are too injured to fight recklessly!
You are too injured to fight recklessly!
You are too injured to fight recklessly!
You are too injured to fight recklessly!
There are monsters nearby!
As you read the scroll of teleportation, it crumbles to dust.
You feel strangely unstable. Somber's ghost hits you!
You die...

#........ .... #..#.....
.... ##..#....## .....
..........
.....###########.#..#.##
........................
.......$............#.).
....5.W....?.......)....
##@....##.#....#...
....................#.†.
.#.####.....##.##...##..
...........##...##..
#############.......
#....... #.......
#.#..... #.#.....


You could see Somber's ghost and a shadow imp.

Vanquished Creatures
  A wraith (Ossuary)
  2 phantoms (D:5)
  An ogre (D:5)
  A quasit (D:3)
  A hound (D:5)
  Crazy Yiuf (D:4)
  An orc priest (D:4)
  3 orc wizards
  Jessica (D:3)
  A worker ant (D:4)
  A mummy (Ossuary)
  Robin (D:4)
  8 adders
  A shadow imp (D:5)
  An adder zombie (D:5)
  An adder skeleton (D:4)
  2 worms
  3 dart slugs
  3 leopard geckos
  8 orcs
  3 giant cockroaches
  17 goblins
  13 hobgoblins
  6 jackals
  7 kobolds
  4 quokkas
  3 ball pythons
  3 bats
  6 frilled lizards
  6 gnoll skeletons (Ossuary)
  7 kobold skeletons (Ossuary)
  A leopard gecko skeleton (D:5)
  12 orc skeletons (Ossuary)
  10 rats
140 creatures vanquished.

Notes
Turn   | Place    | Note
-------+----------+-------------------------------------------
     0 | D:1      | Ijustatesigmund the Octopode Assassin began the quest for the Orb.
     0 | D:1      | Reached XP level 1. HP: 14/14 MP: 1/1
   292 | D:1      | Reached XP level 2. HP: 13/20 MP: 2/2
   647 | D:1      | Reached XP level 3. HP: 21/25 MP: 3/3
  1497 | D:2      | Reached XP level 4. HP: 13/31 MP: 4/4
  1712 | D:2      | Noticed Jessica
  1723 | D:3      | Killed Jessica
  2096 | D:2      | Reached XP level 5. HP: 37/37 MP: 5/5
  2875 | D:3      | Noticed Chisa's ghost (amateur FoFi)
  3476 | D:4      | Found a sand-covered staircase.
  3482 | Ossuary  | Entered an ossuary
  3482 | Ossuary  | Noticed a wraith
  3482 | Ossuary  | Noticed a wraith
  3482 | Ossuary  | Noticed a wraith
  3887 | Ossuary  | Noticed a wraith
  3902 | Ossuary  | Killed a wraith
  3902 | Ossuary  | Reached skill level 6 in Stealth
  3902 | Ossuary  | Reached XP level 6. HP: 16/43 MP: 6/6
  4386 | D:4      | Got a bloodstained flail
  4387 | D:4      | Identified the +6 flail of Lougiota {vamp, Int+3} (You found it on level 4 of the Dungeon)
  4590 | D:4      | Found a runed door.
  4594 | D:4      | Noticed Crazy Yiuf
  4599 | D:4      | Killed Crazy Yiuf
  4766 | D:4      | Reached XP level 7. HP: 48/48 MP: 7/7
  4997 | D:4      | Noticed Robin
  5167 | D:4      | Killed Robin
  5618 | D:5      | Entered Level 5 of the Dungeon
  5700 | D:5      | Reached skill level 1 in Maces & Flails
  5780 | D:5      | Reached XP level 8. HP: 35/54 MP: 8/8
  5844 | D:5      | Noticed Somber's ghost (novice GrFi)
  5851 | D:5      | Slain by Somber's ghost

Skill      XL: |  1  2  3  4  5  6  7 |
---------------+----------------------+-----
Fighting       | 3 4 |  4.2
Short Blades   | 3 4 |  4.8
Dodging        | 3 |  3.7
Stealth        | 6 |  6.9
Maces & Flails | 4 |  4.4
Throwing       | |  2.0

Action                   |  1- 3 |  4- 6 |  7- 9 || total
-------------------------+-------+-------+-------++-------
Melee: Dagger            |    66 |   163 |       ||   229
       Constrict         |    15 |    51 |    15 ||    81
       Tentacles         |    13 |    40 |    15 ||    68
       Flail             |       |     8 |    80 ||    88
 Fire: Blowgun           |     6 |       |       ||     6
  Use: Scroll            |     6 |    10 |     2 ||    18
       Potion            |       |     3 |     3 ||     6
 Stab: Sleeping          |     9 |     8 |     1 ||    18
       Distracted        |       |     3 |     1 ||     4
  Eat: Chunk             |     2 |     6 |     3 ||    11
       Bread ration      |       |     1 |       ||     1
       Meat ration       |       |     1 |       ||     1
Armor: Skin              |     6 |     7 |     5 ||    18
Dodge: Dodged            |    28 |   104 |    90 ||   222
